 Seeded DCSS version 0.27.1-36-g1b1ada6b1e (webtiles) character file.

Game seed: 17438665072932102009 (custom seed)

25632 tkbsonic5 the Covert (level 13, 0/111 HPs)
             Began as a Naga Enchanter on Jan 23, 2023.
             Was a High Priest of Cheibriados.
             Slain by Snorg (15 damage)
             ... on level 3 of the Lair of Beasts on Jan 26, 2023.
             The game lasted 01:23:58 (15643 turns).

tkbsonic5 the Covert (Naga Enchanter)              Turns: 15643, Time: 01:23:59

Health: 0/111      AC: 13    Str: 28    XL:     13   Next: 20%
Magic:  14/23      EV: 11    Int: 34    God:    Cheibriados [*****.]
Gold:   549        SH:  0    Dex: 22    Spells: 3/30 levels left

rFire    + . .     SeeInvis +   o - +5 hand axe "Murmur" {protect, rF+ rCorr Str+5 Dex-3}
rCold    + . .     Faith    +   (no shield)
rNeg     . . .     Spirit   .   E - +2 robe {Archmagi}
rPois    +         Reflect  .   I - +0 helmet
rElec    .         Harm     .   (no cloak)
rCorr    +         Rampage  .   y - +0 pair of gloves
Will     ++...     Archmagi +   (no barding)
Stlth    ++++++....             g - amulet of faith
HPRegen  1.28/turn              L - ring of protection from cold
MPRegen  0.18/turn              n - +4 ring of protection

@: very slow
A: AC +4, large, see invisible, deformed body, poison resistance, slowness 2,
spit poison 1, naga tail 2, low mp 1, strong-willed 1, sense surroundings 1,
regeneration 1
a: Spit Poison, Renounce Religion, Bend Time, Temporal Distortion, Slouch, Step
From Time


You were on level 3 of the Lair of Beasts.
You worshipped Cheibriados.
Cheibriados was extremely pleased with you.
You visited 3 branches of the dungeon, and saw 14 of its levels.

You collected 970 gold pieces.
You spent 421 gold pieces at shops.

Inventory:

Hand Weapons
 a - a +3 dagger of flaming
 b - a +3 mace
 c - a +3 rapier of protection
 i - a +1 spectral short sword
 j - a +4 dire flail
 o - the +5 hand axe "Murmur" (weapon) {protect, rF+ rCorr Str+5 Dex-3}
   (You found it on level 5 of the Dungeon)

   It grants its wielder temporary protection when it strikes (+7 to AC).
   Str:       It affects your strength (+5).
   Dex:       It affects your dexterity (-3).
   rF:        It protects you from fire.
   rCorr:     It protects you from acid and corrosion.
 v - a +1 whip of venom
 w - a +0 spear of flaming
 x - a +0 battleaxe
Missiles
 f - 66 poisoned darts
 h - 5 throwing nets
 m - 4 atropa-tipped darts
 p - 7 boomerangs
Armour
 y - a +0 pair of gloves (worn)
 D - +0 steam dragon scales
 E - a +2 robe of the Archmagi (worn)
 H - a scarf of harm
 I - a +0 helmet (worn)
Magical Staves
 C - a staff of death
 J - a staff of fire
Jewellery
 e - a ring of fire
 g - an amulet of faith (around neck)
 l - a ring of flight
 n - a +4 ring of protection (right hand)
 K - an amulet of guardian spirit
 L - a ring of protection from cold (left hand)
Wands
 M - a wand of flame (23)
Scrolls
 r - a scroll of magic mapping
Potions
 d - 6 potions of curing
 t - a potion of ambrosia
 F - a potion of resistance


   Skills:
 * Level 6.0 Fighting
 - Level 3.3 Short Blades
 * Level 3.2 Axes
 - Level 2.1 Dodging
 * Level 13.0 Stealth
 + Level 9.2 Spellcasting
 + Level 5.1 Conjurations
 + Level 8.9 Hexes
 * Level 6.4 Necromancy
 + Level 3.9 Translocations
 + Level 6.1 Transmutations
 + Level 1.7 Fire Magic
 + Level 8.9 Ice Magic
 * Level 5.4 Invocations
 - Level 0.2 Evocations


You had 3 spell levels left.
You knew the following spells:

 Your Spells              Type           Power      Damage    Failure   Level
a - Corona                Hex            95%        N/A       1%          1
b - Ensorcelled Hibernat  Hex/Ice        100%       N/A       1%          2
c - Tukima's Dance        Hex            86%        N/A       1%          3
d - Yara's Violent Unrav  Hex/Tmut       39%        3d16      3%          5
e - Vampiric Draining     Necr           36%        2d11      1%          3
f - Teleport Other        Tloc           59%        N/A       1%          3
g - Dazzling Flash        Conj/Hex       100%       N/A       1%          3
h - Searing Ray           Conj           100%       3d7       1%          2
i - Animate Skeleton      Necr           100%       N/A       1%          1
j - Sticky Flame          Conj/Fire      55%        2d7       7%          4

Your spell library contained the following spells:

 Spells                   Type           Power      Damage    Failure   Level
 Sublimation of Blood     Necr           36%        N/A       1%          2
 Wereblood                Tmut           72%        N/A       1%          2
 Confusing Touch          Hex            86%        N/A       1%          3
 Gell's Gravitas          Tloc           29%        N/A       1%          3
 Lesser Beckoning         Tloc           29%        N/A       1%          3
 Conjure Flame            Conj/Fire      55%        6-21      2%          3
 Ignite Poison            Fire/Tmut/Pois 50%        N/A       3%          3
 Animate Dead             Necr           36%        N/A       1%          4
 Agony                    Necr           73%        N/A       6%          5
 Airstrike                Air            11%        N/A       28%         4
 Summon Lightning Spire   Summ/Air       23%        N/A       28%         4
 Lightning Bolt           Conj/Air       24%        1d40      28%         5
 Conjure Ball Lightning   Conj/Air       24%        3x3d7     83%         6
 Haunt                    Necr/Summ      27%        N/A       100%        7
 Borgnjor's Revivificati  Necr           36%        N/A       100%        8
 Infestation              Necr           36%        N/A       100%        8
 Lehudib's Crystal Spear  Conj/Erth      24%        10d7      100%        8
 Maxwell's Capacitive Co  Air            11%        ∞         100%        8


Dungeon Overview and Level Annotations

Branches:
Dungeon (10/15)            Temple (1/1) D:6            Lair (3/6) D:8
  Swamp (0/4) Lair:2          Orc (0/2) D:9
  Snake: Lair:2-4    Spider: Lair:2-4

Altars:
Ashenzari
Cheibriados
Dithmenos
Elyvilon
Fedhas
Gozag
Hepliaklqana
Kikubaaqudgha
Makhleb
Nemelex Xobeh
Okawaru
Qazlal
Ru
Sif Muna
Uskayaw
Vehumet
Wu Jian
Xom
Yredelemnul
Zin
The Shining One

Shops:
D:1 *   D:7 *   D:10 *

Annotations:
Lair:3 Snorg


Innate Abilities, Weirdness & Mutations

Your serpentine skin is tough. (AC +4)
You have supernaturally acute eyesight. (SInv)
Armour fits poorly on your strangely shaped body.
Your system is resistant to poisons. (rPois)
You cover ground very slowly.
You can spit poison.
You can use your snake-like lower body to constrict enemies.
Your magical capacity is low. (-10% MP)
You are strong-willed. (Will+)
You passively map a small area around you.
Your natural rate of healing is unusually fast.


Message History

Snorg is lightly wounded.
You have got your breath back.
Snorg misses you. Snorg barely misses you. Snorg claws you. Snorg bites you!!
* * * LOW HITPOINT WARNING * * *
Snorg claws you.
* * * LOW HITPOINT WARNING * * *
Snorg claws you.
* * * LOW HITPOINT WARNING * * *
You feel less invigorated.
You feel less confused. Snorg bites you but does no damage.
Snorg barely misses you. Snorg claws you but does no damage. Snorg bites you.
* * * LOW HITPOINT WARNING * * *
Snorg barely misses you. Snorg claws you.
* * * LOW HITPOINT WARNING * * *
Snorg bites you but does no damage. Snorg claws you but does no damage.
Snorg barely misses you.
Casting: Sticky Flame (dangerous; 7% risk of failure)
Confirm with . or Enter, or press ? or * to list all spells.
Okay, then.
Casting: Sticky Flame (dangerous; 7% risk of failure)
Confirm with . or Enter, or press ? or * to list all spells.
Aiming: Vampiric Draining (safe; 1% risk of failure)
Press: ? - help, Shift-Dir - straight line, f/p - Snorg
Aim: Snorg (lightly wounded, berserk)
You feel a surge of power!
You draw life force from Snorg!!
You feel life coursing into your body! Snorg closely misses you.
Snorg claws you but does no damage. x2
Casting: Vampiric Draining (safe; 1% risk of failure)
Confirm with . or Enter, or press ? or * to list all spells.
Aiming: Vampiric Draining (safe; 1% risk of failure)
Press: ? - help, Shift-Dir - straight line, f/p - Snorg
Aim: Snorg (moderately wounded, berserk)
You feel a surge of power!
You draw life force from Snorg!
You feel life coursing into your body! Snorg bites you!
* * * LOW HITPOINT WARNING * * *
Snorg claws you but does no damage. Snorg barely misses you. Snorg bites you!
* * * LOW HITPOINT WARNING * * *
Snorg claws you!
You die...

, * #....*.## * *
.....##.## .........##
### .........# ...
#P..(...##### ,
.........* #..........#
, ........# #..........#
#........# #P.T@.....# *
.. #P....# ##..........#
, *
#####....###P....##...##
#..##..?.#.##...## ..# ,
.........#.##...#* , .#
, ..............^.# .#
................# * , #
, ................# * ,
##.#####P###.#.## * *


You could see Snorg (berserk).

Vanquished Creatures
  Gastronok (Lair:3)
  A hydra (Lair:2)
  2 bog bodies (Lair:2)
  An orb spider (shapeshifter) (D:10)
  A cyclops (D:10)
  6 elephants (Lair:2)
  4 black mambas
  6 cane toads
  6 komodo dragons
  5 blink frogs (Lair:2)
  5 hornets
  29 yaks
  4 steam dragons
  A swamp worm (Lair:2)
  An acid dragon (D:9)
  3 water moccasins
  4 black bears
  3 orc warriors
  A sky beast (D:6)
  2 ice beasts
  2 ogres (D:4)
  2 necrophages
  12 wolves
  A kobold brigand (D:9)
  6 bullfrogs
  A gnoll sergeant (D:9)
  3 scorpions
  A water moccasin zombie (D:5)
  3 water moccasin skeletons (D:5)
  A wight (D:8)
  3 howler monkeys (D:8)
  3 electric eels
  A crimson imp (D:4)
  A centaur zombie (D:5)
  3 hounds
  5 orc priests
  3 centaur skeletons
  2 jellies (D:5)
  2 iguanas (D:5)
  Natasha (thrice) (D:3)
  5 orc wizards
  2 hound skeletons
  8 gnolls
  A howler monkey zombie (D:7)
  5 adders
  5 dart slugs
  33 orcs
  7 endoplasms
  A giant cockroach (D:3)
  7 goblins
  8 hobgoblins
  4 jackals
  16 kobolds
  3 quokkas
  7 ball pythons
  7 bats
  5 frilled lizards
  A goblin zombie (D:4)
  A hobgoblin zombie (D:4)
  A kobold skeleton (D:4)
  2 kobold zombies (D:4)
  An orc skeleton (D:4)
  2 orc zombies (D:4)
  8 rats
284 creatures vanquished.

Vanquished Creatures (collateral kills)
  2 two-headed ogres (D:10)
  A centaur warrior (D:10)
  An ogre (D:5)
  A centaur (D:5)
  2 kobold brigands
  2 gnoll sergeants
  A water moccasin zombie (D:6)
  4 wights (D:8)
  A gnoll shaman (D:6)
  An orc wizard (D:6)
  9 gnolls
  3 orcs
  2 kobolds (D:10)
30 creatures vanquished.

Vanquished Creatures (others)
  A dancing weapon (D:8)
  2 bushes (D:4)
  24 fungi
  33 plants
60 creatures vanquished.

Grand Total: 374 creatures vanquished

Notes
Turn   | Place    | Note
-------+----------+-------------------------------------------
     0 | D:1      | tkbsonic5 the Naga Enchanter began the quest for the Orb.
     0 | D:1      | Reached XP level 1. HP: 15/15 MP: 3/3
   448 | D:1      | Reached XP level 2. HP: 2/24 MP: 3/5
   719 | D:1      | Learned a level 2 spell: Ensorcelled Hibernation
   897 | D:1      | Reached skill level 1 in Fighting
  1155 | D:1      | Reached XP level 3. HP: 27/31 MP: 6/6
  1196 | D:1      | Learned a level 3 spell: Tukima's Dance
  1198 | D:1      | Found Wumasosm's Assorted Antiques.
  1251 | D:1      | Bought a scroll labelled CAT GOMAEHADI for 26 gold pieces
  1435 | D:1      | Identified a scroll of acquirement
  1435 | D:1      | Acquired the Volume of Moulding and Evil
  2263 | D:2      | Found a faded altar of an unknown god.
  2445 | D:2      | Reached XP level 4. HP: 37/38 MP: 4/7
  2519 | D:2      | Reached skill level 5 in Stealth
  3109 | D:3      | Found a white marble altar of Elyvilon.
  3692 | D:3      | Noticed Natasha
  3702 | D:3      | Killed Natasha
  3703 | D:3      | Reached skill level 1 in Ice Magic
  3703 | D:3      | Reached XP level 5. HP: 25/45 MP: 5/8
  3836 | D:3      | Found a sacrificial altar of Ru.
  3874 | D:3      | Found an opulent altar of Gozag.
  3967 | D:3      | Noticed Natasha
  3972 | D:3      | Killed Natasha
  3999 | D:3      | Noticed Natasha
  4018 | D:3      | Killed Natasha
  4173 | D:4      | Noticed a steam dragon
  4176 | D:4      | Reached XP level 6. HP: 52/52 MP: 10/10
  4184 | D:4      | Killed a steam dragon
  4207 | D:4      | Reached skill level 6 in Stealth
  4351 | D:4      | Found a glowing golden altar of the Shining One.
  4466 | D:4      | Reached XP level 7. HP: 55/61 MP: 11/11
  4920 | D:4      | Found a blossoming altar of Fedhas.
  5642 | D:4      | Found a stormy altar of Qazlal.
  5900 | D:4      | Reached skill level 9 in Stealth
  5900 | D:4      | Reached XP level 8. HP: 69/69 MP: 12/18
  5907 | D:4      | Learned a level 5 spell: Yara's Violent Unravelling
  5911 | D:4      | Learned a level 3 spell: Vampiric Draining
  5915 | D:4      | Learned a level 3 spell: Teleport Other
  5919 | D:4      | Learned a level 3 spell: Dazzling Flash
  5919 | D:4      | Reached XP level 9. HP: 76/76 MP: 15/20
  5965 | D:5      | Entered Level 5 of the Dungeon
  6015 | D:5      | Noticed a hornet
  6019 | D:5      | Killed a hornet
  6211 | D:5      | Reached skill level 10 in Stealth
  6252 | D:5      | Identified the +5 hand axe "Murmur" {protect, rF+ rCorr
                  | Str+5 Dex-3}
  6397 | D:5      | Reached XP level 10. HP: 66/79 MP: 21/21
  7079 | D:5      | Found a hide-covered altar of Uskayaw.
  7643 | D:6      | Found a staircase to the Ecumenical Temple.
  7743 | Temple   | Entered the Ecumenical Temple
  7795 | Temple   | Became a worshipper of Cheibriados the Contemplative
  8211 | D:6      | Acquired Distebon's Grimoire of Flight and Combat Magic
  8216 | D:6      | Learned a level 2 spell: Searing Ray
  8218 | D:6      | Learned a level 1 spell: Animate Skeleton
  8513 | D:7      | Reached skill level 1 in Axes
  8576 | D:7      | Found Zunaclaisi's Assorted Antiques.
  8582 | D:7      | Bought a runed mace for 192 gold pieces
  8582 | D:7      | Bought a runed robe for 118 gold pieces
  8582 | D:7      | Bought a viscous blue potion for 28 gold pieces
  8582 | D:7      | Bought 2 lumpy dark potions for 57 gold pieces
  9080 | D:7      | Reached * piety under Cheibriados
  9665 | D:8      | Found a staircase to the Lair.
  9693 | D:8      | Found a shadowy altar of Dithmenos.
  9694 | D:8      | Found a hazy altar of Hepliaklqana.
  9880 | D:8      | Reached ** piety under Cheibriados
 10187 | D:8      | Reached skill level 1 in Invocations
 10676 | D:9      | Reached *** piety under Cheibriados
 10684 | D:9      | Found a staircase to the Orcish Mines.
 11213 | D:9      | Reached XP level 11. HP: 92/92 MP: 16/23
 11635 | D:10     | Entered Level 10 of the Dungeon
 11657 | D:10     | Noticed a two-headed ogre
 11662 | D:10     | Killed a two-headed ogre
 11924 | D:10     | Noticed a salamander
 11932 | D:10     | Noticed an orb spider
 11932 | D:10     | a salamander changed into an orb spider
 11933 | D:10     | Killed an orb spider
 11934 | D:10     | Reached skill level 11 in Stealth
 11934 | D:10     | Reached skill level 5 in Transmutations
 12294 | D:10     | Noticed a two-headed ogre
 12296 | D:10     | Killed a two-headed ogre
 12296 | D:10     | Reached **** piety under Cheibriados
 12348 | D:10     | Found Boledghuys's Island Escapes.
 12460 | D:10     | Noticed a cyclops
 12460 | D:10     | Noticed a centaur warrior
 12465 | D:10     | Killed a centaur warrior
 12467 | D:10     | Gained mutation: Your body sometimes deteriorates upon
                  | taking damage. [potion of mutation]
 12467 | D:10     | Gained mutation: You expend magic power (3 MP) to
                  | strengthen your wands. [potion of mutation]
 12468 | D:10     | Lost mutation: Your body sometimes deteriorates upon taking
                  | damage. [potion of mutation]
 12468 | D:10     | Lost mutation: You expend magic power (3 MP) to strengthen
                  | your wands. [potion of mutation]
 12468 | D:10     | Gained mutation: Your body sometimes deteriorates upon
                  | taking damage. [potion of mutation]
 12469 | D:10     | Lost mutation: Your body sometimes deteriorates upon taking
                  | damage. [potion of mutation]
 12469 | D:10     | Gained mutation: Your tail ends in a poisonous barb.
                  | [potion of mutation]
 12469 | D:10     | Gained mutation: You sometimes lose the ability to read
                  | scrolls when taking damage. [potion of mutation]
 12469 | D:10     | Gained mutation: Your magical capacity is low. (-10% MP)
                  | [potion of mutation]
 12470 | D:10     | Lost mutation: Your tail ends in a poisonous barb. [potion
                  | of mutation]
 12470 | D:10     | Lost mutation: You sometimes lose the ability to read
                  | scrolls when taking damage. [potion of mutation]
 12470 | D:10     | Lost mutation: Your magical capacity is low. (-10% MP)
                  | [potion of mutation]
 12470 | D:10     | Gained mutation: Your magical capacity is low. (-10% MP)
                  | [potion of mutation]
 12470 | D:10     | Gained mutation: Your natural rate of healing is unusually
                  | fast. [potion of mutation]
 12470 | D:10     | Gained mutation: You are strong-willed. (Will+) [potion of
                  | mutation]
 12474 | D:10     | Killed a cyclops
 12802 | Lair:1   | Entered Level 1 of the Lair of Beasts
 13254 | Lair:1   | Reached ***** piety under Cheibriados
 13255 | Lair:1   | Reached skill level 5 in Necromancy
 13567 | Lair:1   | Reached XP level 12. HP: 102/102 MP: 22/22
 13652 | Lair:1   | Reached skill level 12 in Stealth
 13654 | Lair:1   | Reached skill level 5 in Fighting
 13849 | Lair:1   | Noticed a seven-headed hydra
 13987 | Lair:2   | Learned a level 4 spell: Sticky Flame
 14014 | Lair:2   | Noticed a four-headed hydra
 14130 | Lair:2   | Found a dark tunnel.
 14197 | Lair:2   | Killed a four-headed hydra
 14478 | Lair:2   | Reached skill level 1 in Fire Magic
 14728 | Lair:2   | Reached skill level 5 in Invocations
 14866 | Lair:2   | Reached skill level 5 in Conjurations
 14942 | Lair:2   | Found a staircase to the Swamp.
 14952 | Lair:2   | Gained mutation: You can use your snake-like lower body to
                  | constrict enemies. [Naga growth]
 14952 | Lair:2   | Reached XP level 13. HP: 52/111 MP: 14/23
 15613 | Lair:3   | Noticed Gastronok
 15625 | Lair:3   | Gained mutation: You passively map a small area around you.
                  | [you]
 15625 | Lair:3   | Noticed Snorg
 15637 | Lair:3   | Killed Gastronok
 15638 | Lair:3   | Reached skill level 13 in Stealth
 15643 | Lair:3   | Slain by Snorg

Illustrated notes

Levels and vault maps discovered:
D:1:      matt_arrival_los_fun, layout_basic, serial_shops,
          nicolae_shop_overgrown_old_shop
D:2:      layout_rooms, shapermc_ecumenical_altar_venn, minmay_tall_x
D:3:      layout_loops_ring, lemuel_doored_altar, mainiacjoe_overflow_big_doors,
          kennysheep_generic_room_7, uniq_natasha
D:4:      layout_basic, nicolae_tso_besieged_by_evil,
          fedhas_altar_decomposition, nicolae_qazlal_eye_of_the_storm,
          nicolae_ossuary_entry_monument
D:5:      minmay_bubble_buster, layout_rooms, amcnicky_altar_gilded
D:6:      layout_cave_pods, temple_pool_b
D:7:      layout_basic, serial_shops, nicolae_shop_waterfront
D:8:      layout_rooms, riverfiend_overflow_shadow_ancestor,
          nicolae_overflow_hidden_temple, grunt_lair_entry_orc_guard_hut
D:9:      layout_basic, david_orc_3, minivault_25_ag, moated_statue,
          amcnicky_mini_pool_small
D:10:     kennysheep_big_flooded_room, layout_irregular_city,
          nicolae_island_escapes
Temple:   nicolae_temple_x_marks_the_god
Lair:1:   lemuel_ratsnest, layout_cellular_growth,
          nicolae_quartered_pool_medium, beast_lair_carwin_3,
          serial_bayou_shore_a
Lair:2:   layout_roguey, nicolae_swamp_entry_splash_gauntlet,
          nicolae_volcano_entry_two_sided, minmay_holes, st_stairs_9,
          lemuel_fruit_fields
Lair:3:   layout_cellular_growth, uniq_snorg, uniq_gastronok

Skill      XL: |  1  2  3  4  5  6  7  8  9 10 11 12 13 |
---------------+----------------------------------------+-----
Fighting       | 1 2 3 4 5 6 |  6.0
Stealth        | 5 6 9 10 11 12 13 | 13.0
Short Blades   | 2 3 |  3.3
Ice Magic      | 1 2 7 8 |  8.9
Spellcasting   | 3 7 8 9 |  9.2
Hexes          | 4 8 |  8.9
Conjurations   | 2 3 4 5 |  5.1
Necromancy     | 2 3 5 6 |  6.4
Translocations | 2 3 |  3.9
Transmutations | 4 5 6 |  6.1
Axes           | 1 2 3 |  3.2
Dodging        | 2 |  2.1
Invocations    | 1 3 5 |  5.4
Fire Magic     | 1 |  1.7
Evocations     | |  0.2

Action                   |  1- 3 |  4- 6 |  7- 9 | 10-12 | 13-15 || total
-------------------------+-------+-------+-------+-------+-------++-------
Melee: Dagger            |    80 |    16 |       |   131 |       ||   227
       Short sword       |       |    63 |    82 |    10 |       ||   155
       Hand axe          |       |       |    32 |   145 |    19 ||   196
       Whip              |       |       |       |     2 |       ||     2
       Staff             |       |       |       |     5 |       ||     5
       Constrict         |       |       |       |       |     3 ||     3
Throw: Dart              |       |       |       |    23 |       ||    23
       Throwing net      |       |       |       |     1 |       ||     1
 Cast: Corona            |     2 |       |     3 |     6 |     1 ||    12
       Ensorcelled Hiber |    18 |    26 |    21 |    74 |     1 ||   140
       Tukima's Dance    |     1 |       |     1 |    39 |       ||    41
       Vampiric Draining |       |       |     4 |    15 |     2 ||    21
       Yara's Violent Un |       |       |     1 |     1 |     1 ||     3
       Searing Ray       |       |       |       |    32 |     6 ||    38
       Dazzling Flash    |       |       |       |    29 |     3 ||    32
       Teleport Other    |       |       |       |     4 |       ||     4
       Animate Skeleton  |       |       |       |     4 |       ||     4
       Sticky Flame      |       |       |       |     6 |     3 ||     9
Invok: Bend Time         |       |       |       |     3 |       ||     3
       Slouch            |       |       |       |     4 |     1 ||     5
 Abil: Spit Poison       |     4 |     4 |     4 |    15 |     2 ||    29
Evoke: Wand              |       |     3 |     1 |    34 |     1 ||    39
  Use: Scroll            |     6 |     4 |     2 |    17 |     2 ||    31
       Potion            |       |     3 |     5 |    18 |     2 ||    28
 Stab: Sleeping          |    16 |    28 |     9 |    65 |     1 ||   119
       Distracted        |       |       |     1 |       |       ||     1
       Invisible         |       |       |       |    30 |     5 ||    35
       Paralysed         |       |       |       |     1 |       ||     1
Armor: Robe              |    16 |    16 |    61 |   240 |    29 ||   362
       Steam dragon scal |       |       |       |    31 |       ||    31
Dodge: Dodged            |    24 |    34 |    72 |   261 |    49 ||   440
